cohdb
Replays
Latest Replays
All Replays
Popular Replays
Top Player Replays
Match Explorer
How It Works
Community
CoH3 Stats
Reddit
Sign in to upload your games and track your stats! →
Sign in with Steam
Match 38621238
Unlisted
Match 38621238
Overview
Messages
Build Orders
End
Construct Barracks
Riflemen Squad
Selects Advanced Infantry Battlegroup
Riflemen Squad
Riflemen Squad
Grenade Package
Infantry Support Center
Construct Medical Station
Construct Weapon Support Center
Selects Convert to Ranger Squad
M1919 Machine Gun Team
M1918 Browning Automatic Rifles
Selects Frontline Medical Station
Bazooka Squad
M3 Armored Personnel Carrier
Improved M9 Bazooka Rockets
Construct Motor Pool
Advanced Logistics
Engineer Squad
Survival Training
Riflemen Squad
Selects Infantry Assault
Infantry Assault
M3 Armored Personnel Carrier
Munitions Surplus
Demolitions Package
Selects Ammunition Storage
Engineer Squad
Infantry Assault
Frontline Medical Station
Selects M2A1 105mm Howitzer Emplacement
Infantry Assault
Selects Free Fire Drills
Barry Chuckle
BlueSkidrow™
LEV-Detahaven
Tenshi
0
0
Comments
sign in to comment!
No comments posted yet!